 Dungeon Crawl Stone Soup version 0.20.1-1-g8b1a95d (webtiles) character file.

219 stormannn the Grave Robber (level 5, -3/35 HPs)
             Began as a Mummy Necromancer on Dec 10, 2017.
             Was an Initiate of Vehumet.
             Killed from afar by an orc wizard (9 damage)
             ... with a puff of flame
             ... on level 3 of the Dungeon.
             The game lasted 00:08:02 (2602 turns).

stormannn the Grave Robber (Mummy Necromancer)      Turns: 2602, Time: 00:08:03

Health: -3/35      AC:  2    Str: 12    XL:     5   Next: 64%
Magic:  1/11       EV: 12    Int: 15    God:    Vehumet [......]
Gold:   95         SH:  0    Dex: 12    Spells: 10/12 levels left

rFire    x . .     SeeInvis .   g - +0 short sword (venom)
rCold    + . .     Gourm    .   (no shield)
rNeg     + + +     Faith    .   a - +0 robe
rPois    ∞         Spirit   .   (no helmet)
rElec    .         Reflect  .   (no cloak)
rCorr    .         Harm     .   (no gloves)
MR       .....                  (no boots)
Stlth    ++........             (no amulet)
Regen    0.2/turn               (no ring)
MPRegen  0.2/turn               (no ring)

@: no status effects
A: no food or potions, fire vulnerability, cold resistance 1, negative energy
resistance 3, torment resistance, unbreathing
a: Renounce Religion


You were on level 3 of the Dungeon.
You worshipped Vehumet.
Vehumet was noncommittal.
You were not hungry.

You visited 1 branch of the dungeon, and saw 3 of its levels.

You collected 95 gold pieces.

Inventory:

Hand Weapons
 g - a +0 short sword of venom (weapon)
Armour
 a - a +0 robe (worn)
Scrolls
 c - a scroll of blinking {unknown}
 d - a scroll of enchant weapon {unknown}
 e - 3 scrolls of identify {unknown}
 f - a scroll of enchant armour {unknown}
 h - a scroll of recharging {unknown}
Books
 b - a book of Necromancy

   Spells                             Type                      Level
   a - Pain                           Necromancy                   1
   b - Animate Skeleton               Necromancy                   1
   c - Vampiric Draining              Necromancy                   3
   d - Regeneration                   Charms/Necromancy            3
   e - Animate Dead                   Necromancy                   4
   f - Control Undead                 Necromancy                   4


   Skills:
 - Level 1.5 Dodging
 - Level 1.5 Stealth
 + Level 4.4 Spellcasting
 * Level 6.2 Necromancy


You had 10 spell levels left.
You knew the following spells:

 Your Spells              Type           Power        Failure   Level  Hunger
a - Pain                  Necr           ###.         1%          1    N/A
b - Animate Skeleton      Necr           N/A          1%          1    N/A

Dungeon Overview and Level Annotations

Branches:
Dungeon (3/15)

Altars:
Cheibriados
Sif Muna
Vehumet


Innate Abilities, Weirdness & Mutations

You do not eat or drink.
Your flesh is vulnerable to fire.
You are immune to poison.
Your flesh is cold resistant. (rC+)
You are immune to negative energy. (rN+++)
You are immune to unholy pain and torment.
You can survive without breathing.


Message History

a flail; a chunk of flesh You see here a leopard gecko corpse.
Casting: Pain
Confirm with . or Enter, or press ? or * to list all spells.
You attempt to give life to the dead...
Before your eyes, flesh is ripped from the corpse!
The dead are walking!
Something hits you.
* * * LOW HITPOINT WARNING * * *
You see here a chunk of flesh.
What are your orders? t - Shout!
Orders for allies: a - Attack new target. r - Retreat! s - Stop attacking. g - Guard the area. f - Follow me.
Anything else - Cancel.
Guard this area!
You hear some strange, mumbled words.
A puff of flame appears from out of thin air!
The puff of flame hits you! The fire burns you terribly!
You die...

..# #.##.......#....# #.#
#....#.#.#.... .# #.#
##............##.# .# #.#
#.........#.## #.# .####
#.###.........#.# #.##....).
#..##[#..#......####.#.......
##....#.......%...##.#.......
...####...................?..
#.#####........Z@{.).........
................##)...#.....#
.>......#.....Z...).........#
....#...#.###.#.##.........$.
[...#.#...###.#.##.........##
....#.#.....#.#.##.........#
.........## ...............#
##.....(..## #.##.##........
#..........# ..##.##........


You could see a friendly leopard gecko skeleton (wandering) and a friendly orc
skeleton (wandering).

Vanquished Creatures
  The ghost of MetaCosm the Grasshopper, a weakling SpWr (D:3)
  A hound (D:3)
  An orc priest (D:3)
  Natasha (twice) (D:3)
  4 adders (D:2)
  2 dart slugs
  5 leopard geckos
  3 orcs (D:3)
  3 giant cockroaches (D:2)
  4 hobgoblins
  4 jackals (D:1)
  6 bats
  5 frilled lizards
  5 goblins
  2 kobolds (D:2)
  8 rats
56 creatures vanquished.

Vanquished Creatures (collateral kills)
  A ball python (D:2)
  A bat (D:2)
  A rat (D:2)
3 creatures vanquished.

Grand Total: 59 creatures vanquished

Notes
Turn   | Place    | Note
-------+----------+-------------------------------------------
     0 | D:1      | stormannn the Mummy Necromancer began the quest for the Orb.
     0 | D:1      | Reached XP level 1. HP: 13/13 MP: 4/4
   101 | D:1      | Learned a level 1 spell: Animate Skeleton
   139 | D:1      | Reached XP level 2. HP: 13/19 MP: 0/6
   346 | D:1      | Found a snail-covered altar of Cheibriados.
   571 | D:1      | You fall through a shaft!
   758 | D:2      | Reached XP level 3. HP: 24/24 MP: 5/7
  1177 | D:2      | Found a radiant altar of Vehumet.
  1180 | D:2      | Became a worshipper of Vehumet
  1189 | D:2      | Reached skill level 5 in Necromancy
  1271 | D:2      | Found a deep blue altar of Sif Muna.
  1507 | D:2      | Reached XP level 4. HP: 15/30 MP: 1/9
  1917 | D:3      | Found a snail-covered altar of Cheibriados.
  1917 | D:3      | Noticed Natasha
  1925 | D:3      | Killed Natasha
  2136 | D:3      | Reached XP level 5. HP: 11/35 MP: 3/11
  2437 | D:3      | Noticed MetaCosm's ghost (weakling SpWr)
  2457 | D:3      | Killed MetaCosm's ghost
  2505 | D:3      | Noticed Natasha
  2509 | D:3      | Killed Natasha
  2509 | D:3      | Reached skill level 6 in Necromancy
  2602 | D:3      | Killed from afar by an orc wizard

Skill      XL: |  1  2  3  4  5 |
---------------+----------------+-----
Spellcasting   | 3 4 |  4.4
Necromancy     | 5 6 |  6.2
Dodging        | |  1.5
Stealth        | |  1.5

Action                   |  1- 3 |  4- 6 || total
-------------------------+-------+-------++-------
Melee: Unarmed           |     1 |       ||     1
       Short sword       |     2 |    31 ||    33
 Cast: Pain              |    68 |    40 ||   108
       Animate Skeleton  |    10 |     4 ||    14
 Stab: Distracted        |       |     1 ||     1
Armor: Robe              |    10 |     8 ||    18
Dodge: Dodged            |    33 |    43 ||    76
